 Dungeon Crawl Stone Soup version 0.27.1-2-g3b301248ec (webtiles) character file.

Game seed: 13940868697651313505

691 barney the Transmogrifier (level 7, -3/78 HPs)
             Began as a Grey Draconian Transmuter on Oct 1, 2021.
             Slain by a sky beast (6 damage)
             ... on level 4 of the Dungeon.
             The game lasted 00:04:12 (5245 turns).

barney the Transmogrifier (DrTm)                    Turns: 5245, Time: 00:04:13

Health: -3/78      AC: 23    Str: 12    XL:     7   Next: 36%
Magic:  19/19      EV:  2    Int: 16    God:
Gold:   159        SH:  0    Dex: 11    Spells: 0/10 levels left

rFire    . . .     SeeInvis .   g - +2 dagger (drain)
rCold    . . .     Faith    .   (no shield)
rNeg     + + +     Spirit   .   (armour unavailable)
rPois    +         Reflect  .   (helmet currently unavailable)
rElec    .         Harm     .   (cloak currently unavailable)
rCorr    .         Rampage  .   (gloves currently unavailable)
Will     .....     NoTele   +   (boots currently unavailable)
Stlth    +.........             (no amulet)
HPRegen  0.23/turn              m - ring of magical power
MPRegen  0.16/turn              (no ring)

@: tree-form
A: stationary, stasis, torment immunity, boosted hp, AC +11, (amphibious),
unfitting armour, (cold-blooded)
a: no special abilities


You were on level 4 of the Dungeon.
You were a tree.
You visited 1 branch of the dungeon, and saw 4 of its levels.

You collected 159 gold pieces.

Inventory:

Hand Weapons
 a - a +0 whip of flaming
 e - a +1 dagger of venom
 g - a +2 dagger of draining (weapon)
Jewellery
 m - a ring of magical power (left branch)
Wands
 h - a wand of flame (19)
Scrolls
 f - 3 scrolls of noise {unknown}
 i - a scroll of immolation
 l - a scroll of blinking {unknown}
Potions
 k - a potion of lignification


   Skills:
 - Level 1.1 Fighting
 - Level 1.7 Dodging
 - Level 3.0 Unarmed Combat
 - Level 2.0 Spellcasting
 + Level 8.4 Transmutations


You couldn't memorise any spells.
You knew the following spells:

 Your Spells              Type           Power      Damage    Failure   Level
a - Beastly Appendage     Tmut           56%        N/A       1%          1
b - Spider Form           Tmut/Pois      7%         N/A       11%         3
c - Wereblood             Tmut           28%        N/A       1%          2
d - Ice Form              Ice/Tmut       15%        N/A       36%         4

Your spell library contained the following spells:

 Spells                   Type           Power      Damage    Failure   Level


Dungeon Overview and Level Annotations

Branches:
Dungeon (4/15)
 Temple: D:4-7

Altars:


Innate Abilities, Weirdness & Mutations

You are a tree.
Your roots penetrate the ground, keeping you stationary.
You cannot be teleported.
You are immune to unholy pain and torment.
Your maximum health is greatly increased.
Your equipment is partially melded.
((Your dull iron-grey scales are very hard. (AC +11)))
((You are amphibious.))
You cannot fit into any form of body armour.
((You are cold-blooded and may be slowed by cold attacks.))


Message History

You closely miss something. Something closely misses you.
You hit something but do no damage. Something hits you. Something shocks you.
You hit something but do no damage. Something hits you. Something shocks you.
You closely miss something. Something closely misses you.
You completely miss something.
Your transformation is almost over.
Something closely misses you.
You barely miss something. Something misses you.
You hit something but do no damage. Something barely misses you.
You hit something. Something hits you. Something shocks you.
You barely miss something. Something hits you. Something shocks you.
* * * LOW HITPOINT WARNING * * *
You hit something but do no damage. Something hits you.
* * * LOW HITPOINT WARNING * * *
Something shocks you.
* * * LOW HITPOINT WARNING * * *
Okay, then.
It was a potion of flight.
You feel very buoyant.
You fly up into the air.
Something closely misses you.
Really quaff the potion of lignification?
Your transformation has ended.
Your +2 dagger of draining unmelds from your body.
You sense an unholy aura.
You turn into a tree.
Your roots penetrate the ground.
Something hits you but does no damage.
Unknown command.
You cannot move.
You cannot move.
You cannot move.
You cannot move.
You closely miss something. Something hits you but does no damage.
You miss something.
A sky beast appears from thin air!
Reactivating autopickup.
The sky beast hits you but does no damage.
You closely miss the sky beast.
The sky beast is heavily wounded.
The sky beast hits you.
* * * LOW HITPOINT WARNING * * *
The sky beast shocks you.
You die...

# ##'# #..........
#...# ##..........
.....#
##....#######
......# ##..#[.#
....<.)####...#..#
.......'.........#
.......####......#
......# ##.Y#..# #
.....# ##♣(..##..#
#...# #........#
##'# #......... #.
#.######## # #[#
#.# #.# #.# #.#


You could see a sky beast (very poisoned).

Vanquished Creatures
  Pikel (D:4)
  A necrophage (D:4)
  A lemure (D:4)
  Jessica (D:3)
  5 adders
  A worm (D:2)
  3 dart slugs
  4 orcs (D:4)
  7 ball pythons
  3 endoplasms
  2 giant cockroaches (D:3)
  8 goblins
  5 hobgoblins
  4 jackals (D:2)
  2 quokkas
  4 bats
  9 frilled lizards
  8 kobolds
  3 rats (D:1)
72 creatures vanquished.

Vanquished Creatures (others)
  A withered plant (D:1)
1 creature vanquished.

Grand Total: 73 creatures vanquished

Notes
Turn   | Place    | Note
-------+----------+-------------------------------------------
     0 | D:1      | barney the Draconian Transmuter began the quest for the
                  | Orb.
     0 | D:1      | Reached XP level 1. HP: 16/16 MP: 3/3
   315 | D:1      | Found a faded altar of an unknown god.
   491 | D:1      | Reached XP level 2. HP: 23/23 MP: 3/5
   681 | D:1      | Reached skill level 3 in Transmutations
   829 | D:1      | HP: 1/23 [frozen (1)]
  1433 | D:1      | Reached XP level 3. HP: 27/28 MP: 6/6
  1437 | D:1      | Learned a level 3 spell: Spider Form
  1440 | D:1      | Learned a level 2 spell: Wereblood
  2419 | D:2      | Reached skill level 4 in Transmutations
  2846 | D:3      | Noticed Jessica
  2852 | D:3      | Killed Jessica
  2853 | D:3      | Reached XP level 4. HP: 21/35 MP: 5/7
  3557 | D:3      | Reached skill level 5 in Transmutations
  4322 | D:4      | Noticed a necrophage
  4336 | D:4      | Killed a necrophage
  4337 | D:4      | Reached skill level 6 in Transmutations
  4337 | D:4      | Reached XP level 5. HP: 31/40 MP: 8/8
  4703 | D:4      | Noticed a lemure
  4718 | D:4      | Killed a lemure
  4724 | D:4      | Noticed Pikel
  4725 | D:4      | Noticed a lemure
  4726 | D:4      | Noticed a lemure
  4727 | D:4      | Noticed a lemure
  4739 | D:4      | Killed Pikel
  4740 | D:4      | Reached skill level 8 in Transmutations
  4740 | D:4      | Reached XP level 6. HP: 23/47 MP: 9/9
  4740 | D:4      | Your scales start taking on a dull iron-grey colour.
  4740 | D:4      | Reached XP level 7. HP: 26/52 MP: 10/10
  5188 | D:4      | Learned a level 4 spell: Ice Form
  5245 | D:4      | HP: 3/78 [sky beast (3)]
  5245 | D:4      | Slain by a sky beast

Illustrated notes

Levels and vault maps discovered:
D:1:      elethiomel_arrival_fortress_basement, layout_basic,
          ebering_ecumenical_altar_petrified, st_stairs_11,
          serial_bayou_crossing
D:2:      layout_loops_ring, minmay_goblin_kobold_house
D:3:      layout_basic, minmay_quantized, uniq_jessica
D:4:      layout_loops_corners, mainiacjoe_overflow_chevrons,
          minmay_temple_entry_mini_moons, uniq_menkaure, uniq_duvessa,
          uniq_ijyb, uniq_pikel

Skill      XL: |  1  2  3  4  5 |
---------------+----------------+-----
Transmutations | 3 4 6 8 |  8.4
Fighting       | |  1.1
Dodging        | |  1.7
Unarmed Combat | |  3.0
Spellcasting   | |  2.0

Action                   |  1- 3 |  4- 6 |  7- 9 || total
-------------------------+-------+-------+-------++-------
Melee: Unarmed           |    68 |    43 |    12 ||   123
       Tailslap          |     5 |     2 |       ||     7
       Headbutt          |     9 |     2 |       ||    11
       Kick              |    13 |     3 |       ||    16
       Dagger            |    52 |    31 |     3 ||    86
       Punch             |     1 |       |       ||     1
 Cast: Beastly Appendage |    22 |     5 |       ||    27
       Spider Form       |     2 |     6 |     1 ||     9
       Wereblood         |       |     2 |       ||     2
  Use: Scroll            |       |     5 |       ||     5
       Potion            |       |     1 |     2 ||     3
 Stab: Sleeping          |     1 |       |       ||     1
Armor: Skin              |    39 |    15 |     3 ||    57
Dodge: Dodged            |    76 |    58 |     7 ||   141
